 Dungeon Crawl Stone Soup version 0.20.0-15-g7f486f2 (webtiles) character file.

12699 raph the Slicer (level 12, -11/80 HPs)
             Began as a Halfling Fighter on June 18, 2017.
             Was a High Priest of Uskayaw.
             Mangled by Gastronok (29 damage)
             ... on level 2 of the Lair of Beasts.
             The game lasted 00:26:02 (10359 turns).

raph the Slicer (Halfling Fighter)                 Turns: 10359, Time: 00:26:02

Health: -11/80     AC: 19    Str: 19    XL:     12   Next: 23%
Magic:  17/19      EV: 14    Int:  6    God:    Uskayaw [*****.]
Gold:   136        SH:  9    Dex: 19    Spells: 11/11 levels left

rFire    . . .     SeeInvis .   a - +2 rapier
rCold    . . .     Gourm    .   i - +1 buckler
rNeg     . . .     Faith    .   J - +0 chain mail of Hangman {Slay+3}
rPois    .         Spirit   .   u - +1 helmet
rElec    .         Reflect  +   v - +1 cloak
rCorr    .         Harm     .   F - +2 pair of gloves
MR       .....                  (no boots)
Stlth    ..........             t - +2 amulet of reflection
Regen    0.3/turn               h - +2 ring of strength
MPRegen  0.2/turn               (no ring)

@: slowed, very slow
A: mutation resistance 1
a: Stomp, Line Pass, Grand Finale, Renounce Religion


You were on level 2 of the Lair of Beasts.
You worshipped Uskayaw.
Uskayaw was aware of your devotion.
You were not hungry.

You visited 3 branches of the dungeon, and saw 11 of its levels.
You also visited: Ossuary.

You collected 526 gold pieces.
You spent 390 gold pieces at shops.

Inventory:

Hand Weapons
 a - a +2 rapier (weapon)
Missiles
 l - 92 sling bullets
 w - 11 tomahawks (quivered)
Armour
 i - a +1 buckler (worn)
 u - a +1 helmet (worn)
 v - a +1 cloak (worn)
 F - a +2 pair of gloves (worn)
 J - the +0 chain mail of Hangman (worn) {Slay+3}
   (You bought it in a shop on level 4 of the Dungeon)

   It affects your accuracy and damage with ranged weapons and melee attacks
   (+3).
Jewellery
 h - a +2 ring of strength (left hand)
 q - an uncursed amulet of rage
 t - a +2 amulet of reflection (around neck)
Wands
 m - a wand of lightning (8/15)
 A - a wand of lightning (10/15)
 C - a wand of paralysis (12/24)
 D - a wand of lightning (9/15)
 G - a wand of polymorph (12/24)
 I - a wand of random effects (38/48)
 L - a wand of flame (26/48)
 N - a wand of lightning (8/15)
Scrolls
 e - a scroll of immolation
 j - 7 scrolls of identify
 k - 2 scrolls of blinking
 p - 5 scrolls of amnesia
 y - 4 scrolls of fear
 M - 2 scrolls of teleportation
 O - a scroll of magic mapping
Potions
 b - a potion of berserk rage
 c - 5 potions of heal wounds
 d - 2 potions of might
 g - 2 potions of ambrosia
 o - 2 potions of brilliance
 r - 5 potions of flight
 x - a potion of agility
 B - 4 potions of curing
 K - a potion of degeneration {unknown}
Books
 E - a book of Cantrips

   Spells                             Type                      Level
   a - Confusing Touch                Hexes                        1
   b - Animate Skeleton               Necromancy                   1
   c - Summon Small Mammal            Summoning                    1
   d - Apportation                    Translocation                1
Comestibles
 f - 5 bread rations
 n - 7 royal jellies
 s - 7 chunks of flesh
 z - 2 meat rations
 H - 21 fruits


   Skills:
 + Level 6.8 Fighting
 * Level 13.8 Short Blades
 + Level 8.1 Armour
 + Level 7.3 Dodging
 - Level 3.5 Shields
 + Level 9.4 Invocations


You had 11 spell levels left.
You didn't know any spells.

Dungeon Overview and Level Annotations

Branches:
Dungeon (8/15)             Temple (1/1) D:7            Lair (2/6) D:8
  Snake (0/4) Lair:2
  Swamp: Lair:2-4    Shoals: Lair:2-4

Altars:
Gozag
Kikubaaqudgha
Ru
Sif Muna
Uskayaw
Zin

Shops:
D:4 [[

Annotations:
D:4 exclusions: door and orc wizard
Lair:2 Gastronok


Innate Abilities, Weirdness & Mutations

You are small and have problems with some larger weapons.
You are somewhat resistant to further mutation.


Message History

You hit Gastronok but do no damage.
Gastronok is heavily wounded.
You puncture Gastronok!
Gastronok is heavily wounded.
Gastronok waves his eye-stalks in wide circles.
The air twists around and strikes you!
You hit Gastronok.
Gastronok is heavily wounded.
You hit Gastronok.
Gastronok is severely wounded.
You hit Gastronok.
Gastronok is severely wounded.
Gastronok bites you!
* * * LOW HITPOINT WARNING * * *
You puncture Gastronok!
Gastronok is severely wounded.
You hit Gastronok.
Gastronok is severely wounded.
Gastronok bites you!!
You die...

#.. #... . ###.... . ####.
##.... .. ..... ##..## ...
....#######....#### ....
................#.#.....
.##...P.........#w......
.#....P.........@))...>.
.P....P.#.###.#..)......
........#.# ###...#.....
.†......### .#..# ....
.#P#.....# ##...###...
####....## #P..#.........# #
#....### .............##
#....P.######..P..........#
####......................#.##


You could see Gastronok.

Vanquished Creatures
  A hydra (Lair:2)
  A two-headed ogre (D:8)
  3 death yaks (D:8)
  Pikel (D:5)
  A black mamba (Lair:2)
  5 spiny frogs
  A hippogriff (Lair:1)
  A wyvern (D:7)
  10 yaks
  Menkaure (D:7)
  3 nagas (Lair:2)
  7 water moccasins
  Duvessa (D:5)
  4 porcupines
  4 orc warriors
  A hornet zombie (D:6)
  An ice beast (D:8)
  A black bear (Lair:2)
  3 phantoms
  2 ogres
  A centaur (D:7)
  3 crocodiles
  8 bullfrogs
  4 water moccasin zombies (Ossuary)
  A water moccasin skeleton (D:6)
  3 scorpions
  5 killer bees (D:8)
  5 wights (D:7)
  2 howler monkeys
  7 crimson imps
  2 bullfrog zombies
  A centaur zombie (D:7)
  4 hounds
  5 orc wizards
  3 orc priests
  2 iguanas
  Jessica (D:3)
  A centaur skeleton (D:7)
  Terence (D:3)
  A worker ant (D:5)
  3 big kobold zombies (Ossuary)
  A hound skeleton (D:4)
  2 mummies (Ossuary)
  A worker ant zombie (D:8)
  11 adders
  A shadow imp (D:7)
  An ooze (D:2)
  An adder zombie (Ossuary)
  An adder skeleton (D:6)
  2 worms
  2 dart slugs (D:2)
  4 leopard geckos
  16 orcs
  3 bats
  7 giant cockroaches
  4 gnoll zombies (Ossuary)
  2 goblins
  6 hobgoblins
  13 kobolds
  A quokka (D:7)
  3 frilled lizards
  3 hobgoblin zombies (Ossuary)
  A jackal skeleton (D:5)
  4 kobold zombies (Ossuary)
  A leopard gecko skeleton (D:4)
  A leopard gecko zombie (D:7)
  2 orc zombies (Ossuary)
  2 quokka skeletons
  9 rats
220 creatures vanquished.

Vanquished Creatures (others)
  A slave (D:5)
  Dowan (D:5)
  A bullfrog zombie (D:5)
  An orc wizard (D:5)
  A worker ant zombie (D:5)
  An adder (D:5)
  An orc (D:5)
  A quokka (D:5)
8 creatures vanquished.

Grand Total: 228 creatures vanquished

Notes
Turn   | Place    | Note
-------+----------+-------------------------------------------
     0 | D:1      | raph the Halfling Fighter began the quest for the Orb.
     0 | D:1      | Reached XP level 1. HP: 15/15 MP: 1/1
   123 | D:1      | Reached XP level 2. HP: 14/20 MP: 2/2
   169 | D:1      | Reached skill level 3 in Short Blades
   621 | D:1      | Reached XP level 3. HP: 23/25 MP: 3/3
   910 | D:2      | Found a hide-covered altar of Uskayaw.
   926 | D:2      | Reached XP level 4. HP: 30/30 MP: 4/4
   935 | D:2      | Became a worshipper of Uskayaw the Reveler
   978 | D:2      | Reached * piety under Uskayaw
  1045 | D:2      | Reached skill level 4 in Short Blades
  1559 | D:2      | Reached ** piety under Uskayaw
  1717 | D:3      | Reached skill level 1 in Invocations
  1717 | D:3      | Reached XP level 5. HP: 22/36 MP: 5/5
  1949 | D:3      | Reached skill level 5 in Short Blades
  2193 | D:3      | Noticed Terence
  2212 | D:3      | Killed Terence
  2440 | D:3      | Noticed Jessica
  2463 | D:3      | Killed Jessica
  2463 | D:3      | Reached XP level 6. HP: 39/41 MP: 7/7
  2578 | D:4      | Found a deep blue altar of Sif Muna.
  2634 | D:4      | Reached skill level 6 in Short Blades
  2696 | D:4      | Found Utaner's Armour Shop.
  2856 | D:4      | Got a slimy leather armour
  2867 | D:4      | Identified the cursed +1 leather armour "Daeloi" {+Blink rPois Regen+ Int-5} (You found it on level 4 of the Dungeon)
  3144 | D:4      | Found Koxt's Antique Armour Boutique.
  3203 | D:5      | Entered Level 5 of the Dungeon
  3203 | D:5      | Noticed Pikel
  3203 | D:5      | Noticed a slave
  3206 | D:5      | Noticed a slave
  3207 | D:5      | Noticed a slave
  3215 | D:5      | Noticed a slave
  3225 | D:5      | Killed Pikel
  3225 | D:5      | Reached skill level 8 in Short Blades
  3225 | D:5      | Reached XP level 7. HP: 29/45 MP: 3/10
  3225 | D:5      | Reached XP level 8. HP: 33/51 MP: 3/11
  3493 | D:5      | Found an ancient bone altar of Kikubaaqudgha.
  3553 | D:5      | Reached skill level 5 in Invocations
  3725 | D:5      | Noticed Duvessa
  3726 | D:5      | Killed Dowan
  3740 | D:5      | Killed Duvessa
  4188 | D:4      | Bought a faintly glowing chain mail for 218 gold pieces
  4198 | D:4      | Identified the cursed +0 chain mail of Hangman {Slay+3} (You bought it in a shop on level 4 of the Dungeon)
  4314 | D:6      | Reached skill level 9 in Short Blades
  4360 | D:6      | Reached skill level 1 in Dodging
  4507 | D:6      | Found a sacrificial altar of Ru.
  4553 | D:6      | Reached *** piety under Uskayaw
  4880 | D:6      | Reached XP level 9. HP: 48/57 MP: 13/13
  5165 | D:6      | Found a glowing silver altar of Zin.
  5167 | D:6      | Found an opulent altar of Gozag.
  5431 | D:7      | Reached skill level 10 in Short Blades
  5450 | D:7      | Found a sand-covered staircase.
  5524 | Ossuary  | Entered an ossuary
  5805 | Ossuary  | Reached **** piety under Uskayaw
  5901 | Ossuary  | Reached skill level 5 in Armour
  5967 | D:7      | Found a staircase to the Ecumenical Temple.
  6309 | D:7      | Reached ***** piety under Uskayaw
  6356 | D:7      | Noticed Menkaure
  6362 | D:7      | Killed Menkaure
  6362 | D:7      | Reached XP level 10. HP: 65/65 MP: 15/15
  6516 | D:7      | Reached skill level 11 in Short Blades
  7105 | D:4      | Bought a pair of embroidered gloves for 172 gold pieces
  7178 | D:7      | Reached skill level 5 in Fighting
  7211 | Temple   | Entered the Ecumenical Temple
  8034 | D:8      | Noticed a death yak
  8050 | D:8      | Killed a death yak
  8050 | D:8      | Reached skill level 5 in Dodging
  8051 | D:8      | Found a staircase to the Lair.
  8053 | D:8      | Noticed a death yak
  8053 | D:8      | Noticed a death yak
  8085 | D:8      | Killed a death yak
  8085 | D:8      | Reached skill level 12 in Short Blades
  8093 | D:8      | Killed a death yak
  8093 | D:8      | Reached XP level 11. HP: 48/72 MP: 9/17
  8096 | D:8      | Reached ****** piety under Uskayaw
  8490 | D:8      | Noticed a two-headed ogre
  8501 | D:8      | Killed a two-headed ogre
  9210 | Lair:1   | Entered Level 1 of the Lair of Beasts
  9288 | Lair:1   | Reached skill level 13 in Short Blades
 10077 | Lair:2   | Noticed a six-headed hydra
 10089 | Lair:2   | Killed a six-headed hydra
 10089 | Lair:2   | Reached XP level 12. HP: 69/80 MP: 18/18
 10327 | Lair:2   | Found a staircase to the Snake Pit.
 10328 | Lair:2   | Noticed Gastronok
 10359 | Lair:2   | Mangled by Gastronok

Skill      XL: |  1  2  3  4  5  6  7  8  9 10 11 12 |
---------------+-------------------------------------+-----
Short Blades   | 3 4 5 8 9 10 12 13 | 13.8
Invocations    | 1 2 4 5 6 8 9 |  9.4
Fighting       | 3 4 5 6 |  6.8
Dodging        | 2 4 5 7 |  7.3
Armour         | 4 5 6 7 8 |  8.1
Shields        | |  3.5

Action                   |  1- 3 |  4- 6 |  7- 9 | 10-12 || total
-------------------------+-------+-------+-------+-------++-------
Melee: Rapier            |    93 |   225 |   343 |   388 ||  1049
Throw: Tomahawk          |       |     2 |     2 |     4 ||     8
Invok: Stomp             |       |     3 |     1 |     5 ||     9
Evoke: Wand              |       |       |       |     3 ||     3
  Use: Scroll            |       |     5 |    11 |    11 ||    27
       Potion            |       |       |       |     4 ||     4
 Stab: Paralysed         |       |       |     9 |    20 ||    29
  Eat: Chunk             |       |     8 |     8 |    11 ||    27
       Meat ration       |       |       |     1 |       ||     1
Armor: Scale mail        |    26 |    68 |     4 |       ||    98
       Chain mail        |       |       |    87 |    77 ||   164
Dodge: Dodged            |    40 |    79 |    88 |   110 ||   317
Block: Shield            |     4 |       |       |       ||     4
       Buckler           |    14 |    79 |    73 |    91 ||   257
       Reflection        |     1 |     1 |     3 |     1 ||     6
